 Dungeon Crawl Stone Soup version 0.24-a0-249-g2af7e83 (webtiles) character file.

Game seed: 13040113795117404973

21 Lanoc the Chopper (level 2, 0/25 HPs)
             Began as a Minotaur Gladiator on Apr 13, 2019.
             Slain by a worm (7 damage)
             ... on level 2 of the Dungeon.
             The game lasted 00:00:30 (132 turns).

Lanoc the Chopper (Minotaur Gladiator)               Turns: 132, Time: 00:00:30

Health: 0/25       AC:  3    Str: 18    XL:     2   Next: 65%
Magic:  1/1        EV: 13    Int:  5    God:
Gold:   0          SH:  0    Dex: 11    Spells: 1/1 levels left

rFire    . . .     SeeInvis .   a - +0 war axe
rCold    . . .     Gourm    .   (no shield)
rNeg     . . .     Faith    .   b - +0 leather armour
rPois    .         Spirit   .   c - +0 hat
rElec    .         Reflect  .   (no cloak)
rCorr    .         Harm     .   (no gloves)
MR       .....                  (no boots)
Stlth    +.........             (no amulet)
HPRegen  0.08/turn              (no ring)
MPRegen  0.07/turn              (no ring)

@: no status effects
A: retaliatory headbutt, horns 2
a: no special abilities


You were on level 2 of the Dungeon.
You were not hungry.

You visited 1 branch of the dungeon, and saw 2 of its levels.

Inventory:

Hand Weapons
 a - a +0 war axe (weapon)
Missiles
 d - 3 throwing nets (quivered)
Armour
 b - a +0 leather armour (worn)
 c - a +0 hat (worn)
Scrolls
 e - a scroll of magic mapping {unknown}
Comestibles
 f - a ration


   Skills:
 + Level 2.5 Fighting
 * Level 4.2 Axes
 - Level 2.0 Throwing
 * Level 1.3 Armour
 + Level 3.6 Dodging


You had one spell level left.
You didn't know any spells.
Your spell library was empty.

Dungeon Overview and Level Annotations

Branches:
Dungeon (2/15)

Altars:


Innate Abilities, Weirdness & Mutations

You reflexively headbutt those who attack you in melee.
You have a pair of horns on your head.


Message History

You closely miss the jackal. The jackal closely misses you.
The adder barely misses you. You furiously retaliate!
You headbutt the adder.
You kill the adder!
Your Axes skill increases to level 4!
You have reached level 2!
The jackal bites you.
* * * LOW HITPOINT WARNING * * *
You slash the worm!
The worm is severely wounded.
You hit the worm but do no damage. You hit the kobold but do no damage.
You hit the jackal. The jackal barely misses you. The kobold barely misses you.
You furiously retaliate!
You headbutt the kobold.
You kill the kobold!
The worm misses you. You furiously retaliate!
You headbutt the worm!
You kill the worm!
The jackal closely misses you.
You barely miss the worm.
You headbutt the worm, but do no damage.
You closely miss the jackal. The jackal barely misses you. The worm bites you!
You die...

###. ###### .^..
#....# ..... #....#
..... #.(..#......
#....#......
#....h......
#########...@†...(..
#...........)w....#.
#.#########...#####
#.# #...# #.# ##....
#.# #.#### #.# #.#
#####.# #.# ....#.#


You could see a worm and a jackal.

Vanquished Creatures
  An adder (D:2)
  A worm (D:2)
  A hobgoblin (D:1)
  2 jackals (D:2)
  A frilled lizard (D:1)
  2 kobolds
  3 rats
11 creatures vanquished.

Notes
Turn   | Place    | Note
-------+----------+-------------------------------------------
     0 | D:1      | Lanoc the Minotaur Gladiator began the quest for the Orb.
     0 | D:1      | Reached XP level 1. HP: 18/18 MP: 0/0
   126 | D:2      | Reached skill level 1 in Armour
   130 | D:2      | Reached skill level 4 in Axes
   130 | D:2      | Reached XP level 2. HP: 9/25 MP: 1/1
   132 | D:2      | Slain by a worm

Levels and vault maps discovered:
D:1:      dpeg_arrival_court, layout_basic
D:2:      layout_basic, old_standard_altar, uniq_sigmund

Skill      XL: |  1 |
---------------+----+-----
Armour         | 1 |  1.3
Axes           | 4 |  4.2
Fighting       | |  2.5
Throwing       | |  2.0
Dodging        | |  3.6

Action                   || total
-------------------------++-------
Melee: War axe           ||    17
       Headbutt          ||     1
Armor: Leather armour    ||     1
Dodge: Dodged            ||    24

Table legend:
 A = Non-vault XP
 B = Vault XP
 C = Vault XP percentage of total XP
 D = Non-vault monster count
 E = Vault monster count
 F = Vault count percentage of total count
                 A         B        C        D         E       F
            +---------+---------+-------+---------+---------+-------
      Total |      31 |       0 |   0.0 |      11 |       0 |   0.0
            +---------+---------+-------+---------+---------+-------
        D:1 |       6 |       0 |   0.0 |       5 |       0 |   0.0
        D:2 |      25 |       0 |   0.0 |       6 |       0 |   0.0
            +---------+---------+-------+---------+---------+-------
